 Dungeon Crawl Stone Soup version 0.21-a0-185-g3a6ed1e (webtiles) character file.

74 wolfsongas the Sneak (level 4, -4/29 HPs)
             Began as an Octopode Assassin on Aug 12, 2017.
             Slain by a hobgoblin (6 damage)
             ... led by Robin
             ... on level 3 of the Dungeon.
             The game lasted 00:02:38 (1573 turns).

wolfsongas the Sneak (Octopode Assassin)            Turns: 1573, Time: 00:02:39

Health: -4/29      AC:  1    Str:  8 (10) XL:     4   Next: 28%
Magic:  4/4        EV: 13    Int: 12 (13) God:
Gold:   79         SH:  0    Dex: 14      Spells: 3/3 levels left

rFire    . . .     SeeInvis .   a - +2 dagger
rCold    + . .     Gourm    .   (no shield)
rNeg     . . .     Faith    .   (helmet restricted)
rPois    .         Spirit   .   (no amulet)
rElec    .         Reflect  .   e - ring of protection from cold
rCorr    .         Harm     .   (no ring)
MR       .....                  (no ring)
Stlth    ++++......             (no ring)
HPRegen  0.09/turn              (no ring)
MPRegen  0.09/turn              (no ring)
                                (no ring)
                                (no ring)

@: no status effects
A: almost no armour, stealthy swim, amphibious, 8 rings, constrict 8, camouflage
1, gelatinous body 1
a: no special abilities


You were on level 3 of the Dungeon.
You were not hungry.

You visited 1 branch of the dungeon, and saw 3 of its levels.

You collected 79 gold pieces.

Inventory:

Hand Weapons
 a - a +2 dagger (weapon)
 b - a +0 blowgun
Missiles
 c - 18 poisoned needles
 d - 2 curare-tipped needles
Jewellery
 e - a ring of protection from cold (left tentacle)
Scrolls
 k - a scroll of fear
 l - 2 scrolls of identify
 m - a scroll of teleportation
 n - a scroll of remove curse
Potions
 i - a potion of brilliance
 j - 2 potions of curing
Comestibles
 f - a bread ration
 g - a royal jelly
 h - a chunk of flesh


   Skills:
 - Level 2.0 Fighting
 * Level 2.9 Short Blades
 - Level 2.0 Throwing
 - Level 1.0 Dodging
 + Level 7.1 Stealth


You had 3 spell levels left.
You didn't know any spells.

Dungeon Overview and Level Annotations

Branches:
Dungeon (3/15)

Altars:
Ashenzari
Cheibriados

Annotations:
D:3 Robin


Innate Abilities, Weirdness & Mutations

You cannot wear most types of armour.
You are very stealthy in the water. (Stealth+)
You are amphibious.
You can wear up to eight rings at the same time.
You can use your tentacles to constrict eight enemies at once.
Your skin changes colour to match your surroundings (Stealth+).
Your rubbery body absorbs attacks. (AC +1, EV +1)


Message History

You are too injured to fight recklessly!
You are too injured to fight recklessly!
You are too injured to fight recklessly!
You are too injured to fight recklessly!
You are too injured to fight recklessly!
You are too injured to fight recklessly!
You closely miss the hobgoblin. Your grab misses the hobgoblin.
The bat hits you.
* * * LOW HITPOINT WARNING * * *
The hobgoblin closely misses you. The goblin misses you.
You barely miss the hobgoblin. Your grab misses the hobgoblin.
The hobgoblin barely misses you. x2; The goblin hits you.
* * * LOW HITPOINT WARNING * * *
The hobgoblin misses you.
You hit the hobgoblin. Your grab misses the hobgoblin.
The hobgoblin is lightly wounded.
The hobgoblin hits you with a club.
* * * LOW HITPOINT WARNING * * *
The hobgoblin hits you.
You die...

#.......##............
#.......######...####
#.......# #..##
####.##.######..#
#.##........<#
#.##########+# #.#
######.### #......g@#
#.####.gggb.#
#...g.......
#.......#....
#.##..#...#.. ...
...##### . ###. ####


You could see Robin, 3 hobgoblins, a goblin and a bat.

Vanquished Creatures
  2 adders (D:2)
  A worm (D:2)
  A dart slug (D:2)
  A leopard gecko (D:2)
  3 bats (D:2)
  2 giant cockroaches (D:2)
  10 goblins
  7 hobgoblins
  3 jackals (D:1)
  5 kobolds
  A quokka (D:2)
  A ball python (D:2)
  4 frilled lizards
  3 rats
44 creatures vanquished.

Notes
Turn   | Place    | Note
-------+----------+-------------------------------------------
     0 | D:1      | wolfsongas the Octopode Assassin began the quest for the Orb.
     0 | D:1      | Reached XP level 1. HP: 14/14 MP: 1/1
   305 | D:1      | Reached XP level 2. HP: 19/19 MP: 2/2
   510 | D:1      | Reached skill level 6 in Stealth
   791 | D:2      | Reached XP level 3. HP: 24/24 MP: 3/3
  1175 | D:2      | Found a shattered altar of Ashenzari.
  1225 | D:2      | Reached skill level 7 in Stealth
  1225 | D:2      | Reached XP level 4. HP: 23/29 MP: 4/4
  1226 | D:2      | Found a snail-covered altar of Cheibriados.
  1557 | D:3      | Noticed Robin
  1573 | D:3      | Slain by a hobgoblin

Vault maps used:
D:1:      dpeg_arrival_chase, st_stairs_3
D:2:      kennysheep_slug_shrine, lemuel_tele_altar
D:3:      first_bread, uniq_robin

Skill      XL: |  1  2  3 |
---------------+----------+-----
Stealth        | 6 7 |  7.1
Fighting       | |  2.0
Short Blades   | |  2.9
Throwing       | |  2.0
Dodging        | |  1.0

Action                   |  1- 3 |  4- 6 || total
-------------------------+-------+-------++-------
Melee: Dagger            |    63 |    26 ||    89
       Constrict         |    14 |     6 ||    20
       Tentacles         |     8 |     5 ||    13
  Use: Scroll            |     5 |       ||     5
       Potion            |     6 |       ||     6
 Stab: Sleeping          |    12 |       ||    12
  Eat: Chunk             |     1 |     1 ||     2
Armor: Skin              |     4 |     3 ||     7
Dodge: Dodged            |    38 |    28 ||    66
